[Event "42nd Olympiad Baku 2016 Women"]
[Site "Baku"]
[Date "2016.09.03"]
[Round "2.11"]
[White "Moncayo Romero, Evelyn"]
[Black "Pogonina, Natalija"]
[Result "0-1"]
[ECO "C78"]
[WhiteElo "2046"]
[BlackElo "2484"]
[Annotator ""]
[PlyCount "64"]
[EventDate "2016.??.??"]
[EventCountry "AZE"]
[SourceTitle "playchess.com"]
[Source "ChessBase"]
[WhiteTeam "Ecuador"]
[BlackTeam "Russia"]
[WhiteTeamCountry "ECU"]
[BlackTeamCountry "RUS"]
[TimeControl "40/5400+30:1800+30"]

1. e4 {(00:00)} e5 {(00:00)} 2. Nf3 {(00:00)} Nc6 {
(00:00)} 3. Bb5 {(00:00)} a6 {(00:00)} 4. Ba4 {(00:
13)} Nf6 {(00:00)} 5. O-O {(00:24)} b5 {(00:05)} 6. Bb3 {
(00:17)} Bb7 {(00:10)} 7. d3 {(00:46)} Be7 {(00:11]
} 8. a4 {(01:28)} O-O {(03:04)} 9. Nbd2 {(03:24)} d6 {
(04:52)} 10. Re1 {(01:03)} Na5 {(00:55)} 11. Ba2 {(
00:27)} c5 {(00:11)} 12. Nf1 {(02:35)} b4 {(00:21)} 13.
Ne3 {(01:35)} Rb8 {(02:50)} 14. Nd2 {(01:44)} Bc8 {
(05:31)} 15. Ndc4 {(05:14)} Nc6 {(03:38)} 16. c3 {(
07:04)} Be6 {(10:49)} 17. h3 {(16:49)} g6 {(08:09)} 18. g4
{(17:51)} d5 {(20:02)} 19. exd5 {(02:05)} Nxd5 {(
00:04)} 20. Nxd5 {(03:07)} Bxd5 {(00:07)} 21. Bh6 {(04:06]
} Re8 {(00:19)} 22. Nxe5 {(05:46)} Nxe5 {(00:13)} 23. Rxe5
{(00:21)} b3 {(01:25)} 24. c4 {(01:21)} Ba8 {(12:
49)} 25. Bxb3 {(08:14)} Bf6 {(01:03)} 26. Rxe8+ {(06:23)}
Qxe8 {(00:07)} 27. Bc2 {(08:08)} Qc6 {(01:05)} 28. f3 {
(00:04)} g5 {(04:58)} 29. Kg2 {(03:29)} Bxb2 {(00:
27)} 30. Bxg5 {(00:21)} Bxa1 {(00:16)} 31. d4 {(00:38)}
Bxd4 {(02:19)} 32. Be4 {(00:30)} Qe6 {(01:10)} 0-1

[Event "42nd Olympiad Baku 2016 Women"]
[Site "Baku"]
[Date "2016.09.03"]
[Round "2.22"]
[White "Monroy G, Nataly A"]
[Black "Efroimski, Marsel"]
[Result "1-0"]
[ECO "D33"]
[WhiteElo "2105"]
[BlackElo "2322"]
[Annotator ""]
[PlyCount "167"]
[EventDate "2016.??.??"]
[EventCountry "AZE"]
[SourceTitle "playchess.com"]
[Source "ChessBase"]
[WhiteTeam "Bolivia"]
[BlackTeam "Israel"]
[WhiteTeamCountry "BOL"]
[BlackTeamCountry "ISR"]
[TimeControl "40/5400+30:1800+30"]

1. d4 {(00:00)} e6 {(00:00)} 2. Nf3 {(00:40)} c5 {(
00:00)} 3. c4 {(01:16)} d5 {(01:17)} 4. cxd5 {(01:29)}
exd5 {(00:26)} 5. Nc3 {(01:38)} Nf6 {(13:03)} 6. g3 {
(02:45)} Nc6 {(05:11)} 7. Bg2 {(01:55)} h6 {(07:37]
} 8. Bf4 {(04:55)} Be6 {(10:53)} 9. O-O {(06:28)} Be7 {
(01:05)} 10. dxc5 {(05:34)} Bxc5 {(02:06)} 11. Nb5 {
(03:31)} O-O {(04:53)} 12. Nfd4 {(10:07)} Qd7 {(22:
28)} 13. Nxe6 {(05:50)} fxe6 {(00:07)} 14. Rc1 {(00:25)}
Bb6 {(06:49)} 15. e4 {(05:12)} e5 {(03:16)} 16. Be3 {
(06:17)} d4 {(01:25)} 17. Qb3+ {(01:51)} Kh8 {(02:
29)} 18. Bd2 {(00:20)} Bd8 {(12:40)} 19. f4 {(02:01)} Bb6
{(01:47)} 20. Kh1 {(02:48)} Rae8 {(00:51)} 21. Qd3 {
(02:29)} Re7 {(00:50)} 22. Na3 {(03:44)} Rfe8 {(00:
36)} 23. f5 {(00:32)} a6 {(00:37)} 24. h3 {(00:47)} Ba7 {
(00:25)} 25. g4 {(00:45)} Rc8 {(00:41)} 26. Nc2 {(
04:15)} Ree8 {(00:11)} 27. Ne1 {(00:44)} Ne7 {(00:38)} 28.
Nf3 {(00:40)} Bb8 {(00:43)} 29. g5 {(01:14)} hxg5 {
(00:27)} 30. Nxg5 {(00:44)} Neg8 {(00:19)} 31. Qg3 {
(01:52)} Nh6 {(00:13)} 32. Ne6 {(00:33)} Qf7 {(00:
36)} 33. Qh4 {(01:55)} Qh5 {(00:13)} 34. Qg3 {(00:43)} Qf7
{(00:43)} 35. Qh4 {(01:35)} Qh5 {(00:04)} 36. Qg3 {
(00:17)} Qf7 {(00:04)} 37. Bf3 {(04:50)} Nh7 {(01:
00)} 38. Qh4 {(01:21)} Rxc1 {(00:29)} 39. Bxc1 {(00:04)}
Qf6 {(00:17)} 40. Qh5 {(00:00)} Rg8 {(00:00)} 41. Rg1 {
(02:17)} Bd6 {(06:21)} 42. Rg6 {(01:17)} Qe7 {(00:
42)} 43. Bxh6 {(03:13)} gxh6 {(00:06)} 44. Qxh6 {(00:10)}
Bb4 {(03:25)} 45. f6 {(07:41)} Qf7 {(10:39)} 46. Rg7 {
(11:09)} Rxg7 {(00:25)} 47. fxg7+ {(00:03)} Kg8 {(
00:32)} 48. Ng5 {(00:19)} Qxg7 {(01:10)} 49. Qe6+ {(00:05]
} Kf8 {(02:57)} 50. Qc8+ {(00:04)} Ke7 {(00:12)} 51. Qxb7+
{(00:04)} Kf6 {(00:36)} 52. Nxh7+ {(00:18)} Kg6 {(
00:07)} 53. Qxg7+ {(00:56)} Kxg7 {(00:01)} 54. Ng5 {(00:
05)} Kf6 {(00:29)} 55. h4 {(00:09)} Be1 {(00:05)} 56. Kg2
{(00:15)} Bxh4 {(00:07)} 57. Nh3 {(00:04)} d3 {(00:
55)} 58. Nf2 {(00:46)} d2 {(00:04)} 59. Ng4+ {(00:26)} Ke6
{(01:21)} 60. Ne3 {(00:19)} Bg5 {(02:39)} 61. Kf2 {
(00:27)} Kd6 {(00:17)} 62. b4 {(01:12)} Kc6 {(01:
52)} 63. a4 {(01:33)} Be7 {(02:08)} 64. Nd5 {(00:25)} Bg5
{(00:11)} 65. Ke2 {(00:14)} Kb7 {(00:45)} 66. Kd3 {
(01:01)} Kc6 {(00:15)} 67. Bd1 {(00:12)} Kb7 {(00:
13)} 68. b5 {(00:45)} axb5 {(00:10)} 69. axb5 {(00:06)}
Bh6 {(00:14)} 70. Kc4 {(02:14)} Bg7 {(01:18)} 71. Kd3 {
(01:19)} Bh6 {(00:07)} 72. Ke2 {(00:10)} Bg5 {(00:
15)} 73. Kf3 {(00:07)} Bh4 {(00:49)} 74. Be2 {(02:10)} Ka7
{(00:43)} 75. Ke3 {(02:10)} Bg5+ {(00:16)} 76. Kd3 {
(00:09)} Kb7 {(00:15)} 77. Kc2 {(00:45)} Ka7 {(01:
03)} 78. Nc3 {(00:11)} Kb6 {(00:16)} 79. Nb1 {(00:04)} Kc5
{(00:19)} 80. Nxd2 {(00:10)} Bd8 {(00:12)} 81. Nf3 {
(00:41)} Bc7 {(00:16)} 82. Ng5 {(00:14)} Bb6 {(00:
10)} 83. Nf3 {(00:55)} Bc7 {(00:07)} 84. Kb3 {(00:15)} 1-0

[Event "42nd Olympiad Baku 2016 Women"]
[Site "Baku"]
[Date "2016.09.03"]
[Round "2.6"]
[White "Montilla Reyes, Jorcerys"]
[Black "Papp, Petra"]
[Result "1/2-1/2"]
[ECO "D82"]
[WhiteElo "2194"]
[BlackElo "2336"]
[Annotator ""]
[PlyCount "122"]
[EventDate "2016.??.??"]
[EventCountry "AZE"]
[SourceTitle "playchess.com"]
[Source "ChessBase"]
[WhiteTeam "Venezuela"]
[BlackTeam "Hungary"]
[WhiteTeamCountry "VEN"]
[BlackTeamCountry "HUN"]
[TimeControl "40/5400+30:1800+30"]

1. d4 {(00:04)} Nf6 {(00:00)} 2. c4 {(00:07)} g6 {(
00:00)} 3. Nc3 {(00:05)} d5 {(00:18)} 4. Bf4 {(00:18)} Bg7
{(01:05)} 5. Rc1 {(00:17)} Nh5 {(02:16)} 6. Bg5 {(
03:46)} h6 {(01:24)} 7. Bh4 {(01:41)} c5 {(04:52)} 8. Nxd5
{(08:01)} Nc6 {(10:03)} 9. e3 {(04:18)} cxd4 {(07:
28)} 10. exd4 {(02:36)} Be6 {(04:24)} 11. Be2 {(04:37)}
Bxd5 {(05:43)} 12. cxd5 {(00:09)} Qa5+ {(04:11)} 13. Qd2 {
(09:32)} Qxd5 {(02:02)} 14. Nf3 {(18:46)} O-O {(05:
06)} 15. Bc4 {(04:01)} Qd6 {(06:47)} 16. O-O {(01:25)} g5
{(01:59)} 17. d5 {(02:27)} gxh4 {(09:19)} 18. dxc6 {
(00:11)} Qxd2 {(00:28)} 19. Nxd2 {(00:08)} bxc6 {(
00:43)} 20. b3 {(04:03)} Rad8 {(00:34)} 21. Nf3 {(01:01)}
Bf6 {(05:03)} 22. Ba6 {(02:40)} Rd6 {(03:21)} 23. Bb7 {
(01:55)} Nf4 {(02:53)} 24. Rc4 {(01:42)} Ne2+ {(01:
53)} 25. Kh1 {(00:08)} Rfd8 {(00:30)} 26. h3 {(07:30)} Rd1
{(00:49)} 27. Rxd1 {(01:18)} Rxd1+ {(00:06)} 28. Kh2 {
(00:04)} Nd4 {(02:51)} 29. Bxc6 {(06:43)} Nxf3+ {(
00:44)} 30. gxf3 {(00:14)} Rd2 {(01:03)} 31. Rg4+ {(06:20]
} Kf8 {(00:47)} 32. a4 {(00:19)} Be5+ {(05:30)} 33. Kh1 {
(01:09)} Bf6 {(03:32)} 34. Kh2 {(00:21)} Rxf2+ {(
00:47)} 35. Rg2 {(00:06)} Rf1 {(00:47)} 36. Rg1 {(00:06)}
Be5+ {(00:51)} 37. Kg2 {(00:12)} Rxg1+ {(00:12)} 38. Kxg1
{(00:06)} Bc3 {(00:31)} 39. Kf2 {(00:11)} e6 {(00:
21)} 40. Ke3 {(00:00)} Ke7 {(00:00)} 41. Kd3 {(01:47)} Bb4
{(01:04)} 42. Kc4 {(06:19)} a5 {(00:08)} 43. Kd4 {(
00:44)} Kd6 {(01:58)} 44. Be8 {(03:00)} f5 {(00:18)} 45.
Ke3 {(00:16)} Ke5 {(01:13)} 46. Bd7 {(00:19)} Bc5+ {
(00:16)} 47. Ke2 {(00:10)} Kd5 {(00:48)} 48. Kd3 {(
00:21)} Ke5 {(00:11)} 49. Ke2 {(00:05)} Ba3 {(01:13)} 50.
Bc8 {(00:25)} Bb4 {(00:05)} 51. Bd7 {(00:30)} Kf6 {
(00:09)} 52. f4 {(01:07)} Ke7 {(00:46)} 53. Bc8 {(
00:07)} Kd6 {(00:17)} 54. Ke3 {(00:16)} Ba3 {(00:24)} 55.
Ke2 {(00:17)} Bc1 {(01:28)} 56. Kf3 {(00:05)} Bd2 {
(00:05)} 57. Ba6 {(00:14)} Bc1 {(00:45)} 58. Bc8 {(
00:07)} Bd2 {(00:28)} 59. Ba6 {(00:06)} e5 {(00:02)} 60.
fxe5+ {(00:09)} Kxe5 {(00:06)} 61. Bc4 {(00:04)} Bb4 {Ke4+
} 1/2-1/2

[Event "42nd Olympiad Baku 2016 Women"]
[Site "Baku"]
[Date "2016.09.03"]
[Round "2.1"]
[White "Mora Oviedo, Andrea Melissa"]
[Black "Atikankhotchasee, Manunthon"]
[Result "1-0"]
[ECO "A85"]
[WhiteElo "1783"]
[BlackElo "1696"]
[Annotator ""]
[PlyCount "69"]
[EventDate "2016.??.??"]
[EventCountry "AZE"]
[SourceTitle "playchess.com"]
[Source "ChessBase"]
[WhiteTeam "Honduras"]
[BlackTeam "Thailand"]
[WhiteTeamCountry "HON"]
[BlackTeamCountry "THA"]
[TimeControl "40/5400+30:1800+30"]

1. d4 {(00:00)} f5 {(00:00)} 2. c4 {(01:02)} Nf6 {(
00:07)} 3. Nc3 {(02:14)} e6 {(03:35)} 4. a3 {(05:07)} Be7
{(01:28)} 5. Nf3 {(02:43)} O-O {(00:28)} 6. g3 {(
04:06)} d5 {(00:13)} 7. c5 {(01:21)} c6 {(01:45)} 8. Bg2 {
(03:42)} Bd7 {(00:22)} 9. h4 {(08:15)} Be8 {(07:32]
} 10. Bf4 {(09:41)} Nbd7 {(01:15)} 11. Ng5 {(03:02)} Bf7 {
(00:25)} 12. e3 {(04:30)} h6 {(01:56)} 13. Nxf7 {(
01:31)} Rxf7 {(00:19)} 14. b4 {(03:09)} Ne4 {(01:45)} 15.
Nxe4 {(02:46)} dxe4 {(03:20)} 16. Qb3 {(09:10)} Nf8 {
(04:54)} 17. Bf1 {(03:35)} Qd7 {(04:08)} 18. Be2 {(
04:48)} g5 {(07:17)} 19. hxg5 {(06:10)} hxg5 {(00:13)} 20.
Be5 {(00:51)} Rh7 {(00:53)} 21. O-O-O {(01:02)} b5 {
(09:18)} 22. cxb6 {(01:24)} Rxh1 {(08:26)} 23. Rxh1 {
(00:17)} g4 {(00:38)} 24. Bc4 {(00:29)} axb6 {(01:
39)} 25. Bxe6+ {(02:59)} Qxe6 {(08:05)} 26. Qxe6+ {(00:26]
} Nxe6 {(00:06)} 27. Rh8+ {(00:19)} Kf7 {(00:05)} 28. Rxa8
{(00:21)} c5 {(00:32)} 29. Ra7 {(01:44)} Ke8 {(01:
17)} 30. dxc5 {(03:45)} bxc5 {(00:19)} 31. b5 {(00:19)}
Bd8 {(01:13)} 32. Ra6 {(01:52)} Kd7 {(02:39)} 33. Rd6+ {
(01:47)} Ke7 {(00:17)} 34. b6 {(00:50)} Ng5 {(04:
06)} 35. Rxd8 {(00:59)} 1-0

[Event "42nd Olympiad Baku 2016 Women"]
[Site "Baku"]
[Date "2016.09.03"]
[Round "2.4"]
[White "Moraga, Maria"]
[Black "Wong, Linda Jane"]
[Result "1-0"]
[ECO "B07"]
[WhiteElo "1732"]
[BlackElo "1351"]
[Annotator ""]
[PlyCount "39"]
[EventDate "2016.??.??"]
[EventCountry "AZE"]
[SourceTitle "playchess.com"]
[Source "ChessBase"]
[WhiteTeam "Nicaragua"]
[BlackTeam "Taiwan"]
[WhiteTeamCountry "NCA"]
[BlackTeamCountry "TPE"]
[TimeControl "40/5400+30:1800+30"]

1. e4 {(00:00)} d6 {(00:00)} 2. d4 {(00:00)} Nf6 {(
00:00)} 3. Nc3 {(00:00)} Nbd7 {(01:03)} 4. Bg5 {(00:16)}
c6 {(02:52)} 5. Nf3 {(01:12)} e5 {(00:49)} 6. dxe5 {
(00:19)} dxe5 {(00:19)} 7. Bc4 {(01:45)} Qc7 {(01:
30)} 8. Bh4 {(02:22)} Bb4 {(03:10)} 9. Qe2 {(06:01)} O-O {
(02:25)} 10. O-O {(00:46)} Re8 {(02:16)} 11. Ng5 {(
02:20)} Rf8 {(01:34)} 12. Rad1 {(07:12)} h6 {(05:27)} 13.
Nxf7 {(05:42)} Rxf7 {(02:03)} 14. Bxf7+ {(00:03)} Kxf7 {
(00:08)} 15. Qc4+ {(00:01)} Kf8 {(11:04)} 16. Qxb4+ {
(00:14)} Kg8 {(01:03)} 17. Qe7 {(00:37)} Kh7 {(00:
56)} 18. Bxf6 {(00:24)} Nxf6 {(51:35)} 19. Qxc7 {(00:41)}
a5 {(08:07)} 20. Rd8 {(00:45)} 1-0

[Event "42nd Olympiad Baku 2016 Women"]
[Site "Baku"]
[Date "2016.09.03"]
[Round "2.30"]
[White "Morales Santos, Natasha"]
[Black "Vukikomoala, Hilda"]
[Result "1-0"]
[ECO "D04"]
[WhiteElo "1908"]
[BlackElo "1455"]
[Annotator ""]
[PlyCount "47"]
[EventDate "2016.??.??"]
[EventCountry "AZE"]
[SourceTitle "playchess.com"]
[Source "ChessBase"]
[WhiteTeam "Puerto Rico"]
[BlackTeam "Fiji"]
[WhiteTeamCountry "PUR"]
[BlackTeamCountry "FIJ"]
[TimeControl "40/5400+30:1800+30"]

1. d4 {(00:00)} d5 {(00:00)} 2. Nf3 {(00:06)} Nf6 {
(00:00)} 3. e3 {(00:11)} c5 {(00:17)} 4. b3 {(00:
23)} Nc6 {(00:57)} 5. a3 {(00:13)} e6 {(02:09)} 6. Bd3 {
(00:11)} Be7 {(01:25)} 7. Bb2 {(00:15)} O-O {(01:
17)} 8. Nbd2 {(00:11)} Qc7 {(05:25)} 9. O-O {(00:25)} Re8
{(06:43)} 10. Ne5 {(00:52)} Nxe5 {(04:06)} 11. dxe5 {
(00:28)} Nd7 {(00:38)} 12. f4 {(00:21)} b6 {(03:11]
} 13. Rf3 {(05:47)} Bb7 {(01:07)} 14. Rh3 {(01:36)} g6 {
(03:23)} 15. Qg4 {(03:18)} Qd8 {(09:49)} 16. Rf1 {(
06:31)} Bf8 {(02:43)} 17. Nf3 {(14:01)} Bg7 {(03:56)} 18.
Ng5 {(00:50)} h6 {(02:28)} 19. Nxf7 {(01:12)} Kxf7 {
(04:04)} 20. Bxg6+ {(00:18)} Kf8 {(01:11)} 21. Bxe8 {
(00:16)} Qxe8 {(00:16)} 22. f5 {(01:14)} exf5 {(10:
21)} 23. Rxf5+ {(00:33)} Kg8 {(05:25)} 24. e6 {(00:28)}
1-0

[Event "42nd Olympiad Baku 2016 Women"]
[Site "Baku"]
[Date "2016.09.03"]
[Round "2.26"]
[White "Morozova, Iuliia"]
[Black "Tokhirjonova, Gulrukhbegim"]
[Result "1/2-1/2"]
[ECO "D10"]
[WhiteElo "2025"]
[BlackElo "2289"]
[Annotator ""]
[PlyCount "162"]
[EventDate "2016.??.??"]
[EventCountry "AZE"]
[SourceTitle "playchess.com"]
[Source "ChessBase"]
[WhiteTeam "Belgium"]
[BlackTeam "Uzbekistan"]
[WhiteTeamCountry "BEL"]
[BlackTeamCountry "UZB"]
[TimeControl "40/5400+30:1800+30"]

1. d4 {(00:00)} d5 {(00:00)} 2. c4 {(00:00)} c6 {(
00:00)} 3. cxd5 {(00:00)} cxd5 {(00:01)} 4. Nc3 {(00:01)}
Nc6 {(00:31)} 5. Nf3 {(00:25)} Nf6 {(00:27)} 6. e3 {
(00:29)} g6 {(03:33)} 7. Ne5 {(01:43)} Bg7 {(02:51]
} 8. Bb5 {(00:42)} Bd7 {(03:51)} 9. Qa4 {(07:30)} Qc7 {
(02:58)} 10. Bxc6 {(05:10)} Bxc6 {(01:35)} 11. Nxc6 {
(00:19)} bxc6 {(05:57)} 12. O-O {(02:31)} O-O {(01:
28)} 13. Bd2 {(14:28)} c5 {(05:20)} 14. Rfc1 {(18:54)} Ng4
{(12:50)} 15. f4 {(03:02)} cxd4 {(03:15)} 16. Nxd5 {
(09:18)} Qd8 {(06:43)} 17. Qa5 {(13:22)} dxe3 {(02:
14)} 18. Qxd8 {(04:29)} Rfxd8 {(05:49)} 19. Nxe7+ {(03:17]
} Kf8 {(03:52)} 20. Bb4 {(00:19)} Bxb2 {(00:49)} 21. Nc6+
{(01:33)} Kg8 {(00:29)} 22. Nxd8 {(02:13)} Bxa1 {(
04:28)} 23. Rxa1 {(07:37)} Rxd8 {(00:14)} 24. Re1 {(00:26]
} Rd4 {(11:54)} 25. Bc5 {(01:43)} Rxf4 {(00:14)} 26. Bxa7
{(00:35)} Ra4 {(00:10)} 27. Bxe3 {(01:11)} Nxe3 {(
01:54)} 28. Rxe3 {(00:05)} Rxa2 {(00:05)} 29. h3 {(01:16)}
h5 {(01:26)} 30. Re4 {(00:57)} Kg7 {(02:34)} 31. h4 {
(00:18)} Kf6 {(00:18)} 32. Kh2 {(00:19)} Kf5 {(01:
23)} 33. Rb4 {(00:12)} Re2 {(00:12)} 34. Kh3 {(01:14)} f6
{(02:59)} 35. g3 {(00:41)} Re4 {(02:34)} 36. Rb5+ {
(00:12)} Re5 {(00:53)} 37. Rb2 {(00:49)} Ke4 {(02:
30)} 38. Kg2 {(00:25)} Rd5 {(00:49)} 39. Ra2 {(00:45)} Ke3
{(00:23)} 40. Ra3+ {(00:00)} Ke2 {(00:00)} 41. Ra6 {
(00:44)} Rf5 {(07:45)} 42. Ra2+ {(03:20)} Kd3 {(03:
34)} 43. Ra3+ {(00:17)} Kc4 {(00:13)} 44. Ra4+ {(00:30)}
Kb5 {(00:12)} 45. Rd4 {(00:30)} Kc5 {(00:22)} 46. Ra4 {
(01:16)} Rd5 {(00:43)} 47. Ra6 {(01:34)} Rd6 {(00:
05)} 48. Ra5+ {(00:47)} Kc4 {(01:40)} 49. Kf3 {(01:07)}
Kd3 {(05:21)} 50. Ra3+ {(02:07)} Kd2 {(00:22)} 51. Kf2 {
(01:56)} Rd5 {(01:40)} 52. Ra6 {(00:53)} Rf5+ {(00:
08)} 53. Kg2 {(00:05)} g5 {(01:27)} 54. hxg5 {(00:10)}
fxg5 {(00:01)} 55. Rh6 {(02:39)} g4 {(00:12)} 56. Rd6+ {
(01:09)} Ke3 {(00:19)} 57. Re6+ {(00:09)} Kd4 {(00:
44)} 58. Re2 {(00:19)} Re5 {(00:21)} 59. Ra2 {(00:21)} Ke4
{(01:16)} 60. Kf2 {(02:14)} Rf5+ {(01:00)} 61. Kg2 {
(00:23)} Rc5 {(01:15)} 62. Kf2 {(01:58)} Kd3 {(01:
56)} 63. Ra3+ {(01:01)} Rc3 {(00:52)} 64. Rxc3+ {(06:59)}
Kxc3 {(00:06)} 65. Ke3 {(00:06)} Kc4 {(00:19)} 66. Kf4 {
(01:01)} Kd4 {(00:05)} 67. Kg5 {(00:11)} Ke5 {(00:
04)} 68. Kxh5 {(01:13)} Kf5 {(00:06)} 69. Kh4 {(00:14)}
Kf6 {(00:04)} 70. Kxg4 {(00:06)} Kg6 {(00:03)} 71. Kf4 {
(00:07)} Kf6 {(00:05)} 72. g4 {(00:04)} Kg6 {(00:
07)} 73. g5 {(00:06)} Kg7 {(00:06)} 74. Kf5 {(00:11)} Kf7
{(00:08)} 75. g6+ {(00:07)} Kg7 {(00:06)} 76. Kg5 {
(00:05)} Kg8 {(00:08)} 77. Kf6 {(00:07)} Kf8 {(00:
03)} 78. Kf5 {(00:11)} Kg7 {(00:16)} 79. Kg5 {(00:08)} Kg8
{(00:04)} 80. Kh4 {(00:29)} Kg7 {(00:05)} 81. Kh5 {
(00:07)} Kg8 {(00:12)} 1/2-1/2

[Event "42nd Olympiad Baku 2016 Women"]
[Site "Baku"]
[Date "2016.09.03"]
[Round "2.16"]
[White "Motycakova, Monika"]
[Black "Leonardi, Caterina"]
[Result "1-0"]
[ECO "B09"]
[WhiteElo "2109"]
[BlackElo "2024"]
[Annotator ""]
[PlyCount "67"]
[EventDate "2016.??.??"]
[EventCountry "AZE"]
[SourceTitle "playchess.com"]
[Source "ChessBase"]
[WhiteTeam "Slovakia"]
[BlackTeam "Slovenia"]
[WhiteTeamCountry "SVK"]
[BlackTeamCountry "SLO"]
[TimeControl "40/5400+30:1800+30"]

1. e4 {(00:00)} d6 {(00:04)} 2. d4 {(00:00)} g6 {(
00:51)} 3. Nc3 {(00:00)} Bg7 {(00:44)} 4. f4 {(00:17)} Nf6
{(00:30)} 5. Nf3 {(00:12)} O-O {(01:24)} 6. Bd3 {(
00:44)} Na6 {(00:36)} 7. O-O {(00:35)} c5 {(03:43)} 8. d5
{(00:49)} Bd7 {(01:27)} 9. Qe2 {(23:48)} Nc7 {(09:
51)} 10. a4 {(00:38)} a6 {(02:10)} 11. a5 {(03:06)} Nb5 {
(01:55)} 12. Bd2 {(02:56)} b6 {(04:19)} 13. axb6 {(
11:22)} Qxb6 {(02:56)} 14. Na4 {(01:23)} Qa7 {(03:07)} 15.
c4 {(06:41)} Nd4 {(01:23)} 16. Nxd4 {(07:40)} cxd4 {
(00:14)} 17. b4 {(06:18)} Bxa4 {(14:32)} 18. Rxa4 {
(00:10)} Nd7 {(00:33)} 19. Rfa1 {(04:15)} Qb7 {(01:
45)} 20. Ra5 {(02:55)} Rfc8 {(14:15)} 21. Be1 {(06:55)}
Qb6 {(02:17)} 22. Qa2 {(00:46)} Nb8 {(01:25)} 23. Qa3 {
(05:34)} Rc7 {(02:42)} 24. c5 {(01:40)} dxc5 {(00:
50)} 25. bxc5 {(00:08)} Qf6 {(00:52)} 26. Bg3 {(01:24)}
Bh6 {(03:18)} 27. e5 {(01:04)} Qg7 {(00:26)} 28. d6 {
(05:38)} exd6 {(00:35)} 29. exd6 {(00:23)} Rc8 {(
01:06)} 30. Bxa6 {(02:24)} Nxa6 {(02:31)} 31. Rxa6 {(00:
01)} Rxa6 {(00:07)} 32. Qxa6 {(00:02)} Rxc5 {(00:06)} 33.
d7 {(00:34)} Qf8 {(00:57)} 34. Qa8 {(00:57)} 1-0

[Event "42nd Olympiad Baku 2016 Women"]
[Site "Baku"]
[Date "2016.09.03"]
[Round "2.27"]
[White "Movileanu, Daniela"]
[Black "Thorsteinsdottir, Hallgerdur"]
[Result "1-0"]
[ECO "B18"]
[WhiteElo "2268"]
[BlackElo "2015"]
[Annotator ""]
[PlyCount "120"]
[EventDate "2016.??.??"]
[EventCountry "AZE"]
[SourceTitle "playchess.com"]
[Source "ChessBase"]
[WhiteTeam "Italy"]
[BlackTeam "Iceland"]
[WhiteTeamCountry "ITA"]
[BlackTeamCountry "ISL"]
[TimeControl "40/5400+30:1800+30"]

1. e4 {(00:00)} c6 {(00:00)} 2. d4 {(00:00)} d5 {(
00:00)} 3. Nd2 {(00:00)} dxe4 {(00:02)} 4. Nxe4 {(00:06)}
Bf5 {(00:14)} 5. Nc5 {(00:59)} e5 {(00:41)} 6. Nxb7 {
(02:08)} Qb6 {(00:37)} 7. Nc5 {(00:32)} exd4 {(02:
13)} 8. Na4 {(00:53)} Qa5+ {(10:07)} 9. c3 {(00:57)} Qe5+
{(03:25)} 10. Qe2 {(03:52)} Qxe2+ {(01:06)} 11. Bxe2 {
(01:43)} dxc3 {(03:22)} 12. Nxc3 {(00:39)} Nd7 {(
01:57)} 13. Nf3 {(01:46)} Bc5 {(03:51)} 14. O-O {(04:01)}
Ngf6 {(03:28)} 15. Ba6 {(05:39)} Rb8 {(06:06)} 16. Re1+ {
(06:24)} Kf8 {(02:08)} 17. Na4 {(06:08)} Nd5 {(10:
56)} 18. Ne5 {(15:04)} Bb4 {(10:59)} 19. Nxd7+ {(09:05)}
Bxd7 {(00:10)} 20. Rd1 {(00:08)} Be6 {(02:51)} 21. Bd2 {
(05:41)} Ke7 {(05:55)} 22. a3 {(03:57)} Bxd2 {(06:
47)} 23. Rxd2 {(00:08)} Nc7 {(01:23)} 24. Bd3 {(04:04)}
Rhd8 {(01:57)} 25. Nc5 {(01:31)} Rd5 {(02:23)} 26. Rc2 {
(08:52)} Rbd8 {(04:28)} 27. Bf1 {(01:09)} Bf5 {(06:
57)} 28. Re1+ {(01:45)} Kf8 {(00:34)} 29. Rcc1 {(03:13)}
a5 {(02:05)} 30. a4 {(02:57)} Rd2 {(02:22)} 31. Nb7 {
(01:31)} Re8 {(02:21)} 32. Nxa5 {(02:09)} Rxb2 {(
02:50)} 33. Rxe8+ {(02:07)} Nxe8 {(00:06)} 34. Nxc6 {(00:
14)} Ra2 {(00:41)} 35. a5 {(02:01)} Be4 {(01:04)} 36. a6 {
(01:03)} Bxc6 {(00:06)} 37. Rxc6 {(00:06)} Ra1 {(
00:16)} 38. g3 {(01:00)} Ke7 {(00:39)} 39. Kg2 {(02:33)}
Kd8 {(00:08)} 40. Bd3 {(00:00)} Nc7 {(00:00)} 41. h4 {
(06:45)} Ra3 {(05:21)} 42. Be2 {(04:44)} h6 {(03:
45)} 43. Rd6+ {(01:31)} Ke7 {(05:51)} 44. Rb6 {(01:08)}
Ra2 {(03:07)} 45. Bf1 {(01:24)} Kd7 {(01:36)} 46. Bd3 {
(03:32)} Ra5 {(02:11)} 47. Be2 {(03:20)} Ra4 {(04:
29)} 48. Kh3 {(01:16)} g6 {(01:52)} 49. Bg4+ {(06:36)} f5
{(04:43)} 50. Be2 {(00:17)} Ra2 {(00:29)} 51. Bc4 {
(00:43)} Ra4 {(01:34)} 52. Bf1 {(01:13)} Ra1 {(00:
17)} 53. Kg2 {(00:09)} Ne6 {(01:39)} 54. Bb5+ {(04:00)}
Ke7 {(00:19)} 55. Bc4 {(00:31)} Nf8 {(01:35)} 56. Rb7+ {
(00:14)} Kd6 {(00:30)} 57. a7 {(00:28)} Nd7 {(00:
18)} 58. Bb5 {(01:07)} Ne5 {(01:00)} 59. Rb6+ {(00:25)}
Kc5 {(00:22)} 60. Ra6 {(00:18)} Kd5 1-0

[Event "42nd Olympiad Baku 2016 Women"]
[Site "Baku"]
[Date "2016.09.03"]
[Round "2.6"]
[White "Thobile Mthethwa"]
[Black "Rania, Sbai"]
[Result "0-1"]
[ECO "D02"]
[WhiteElo "1392"]
[BlackElo "1907"]
[Annotator ""]
[PlyCount "58"]
[EventDate "2016.??.??"]
[EventCountry "AZE"]
[SourceTitle "playchess.com"]
[Source "ChessBase"]
[WhiteTeam "SWZ"]
[BlackTeam "MAR"]
[BlackTeamCountry "MAR"]
[TimeControl "40/5400+30:1800+30"]

1. d4 {(00:00)} d5 {(00:00)} 2. Nf3 {(00:00)} Nf6 {
(00:00)} 3. Bf4 {(00:09)} e6 {(00:54)} 4. e3 {(00:
51)} c5 {(00:37)} 5. c3 {(01:02)} Nc6 {(00:30)} 6. Bd3 {
(01:15)} Bd6 {(01:28)} 7. h3 {(00:49)} Bxf4 {(02:
54)} 8. exf4 {(09:10)} cxd4 {(06:02)} 9. cxd4 {(04:39)}
Qd6 {(00:29)} 10. Qd2 {(03:30)} Ne4 {(09:09)} 11. Qc1 {
(06:52)} Nb4 {(13:54)} 12. Bb5+ {(06:44)} Bd7 {(03:
35)} 13. Nc3 {(00:32)} Nxc3 {(13:26)} 14. Qxc3 {(10:30)}
Bxb5 {(00:45)} 15. O-O-O {(07:11)} Nxa2+ {(00:19)} 16. Kd2
{(00:58)} Nxc3 {(00:17)} 17. bxc3 {(00:27)} Qxf4+ {
(00:18)} 18. Kc2 {(02:25)} Ba4+ {(00:13)} 19. Kd3 {
(05:27)} Qe4+ {(00:54)} 20. Kd2 {(02:41)} Qc2+ {(
00:07)} 21. Ke3 {(04:00)} Qe4+ {(06:38)} 22. Kd2 {(00:40)}
Bxd1 {(00:21)} 23. Rxd1 {(01:08)} a5 {(00:44)} 24. Re1 {
(02:12)} Qf4+ {(00:43)} 25. Kd3 {(01:28)} a4 {(00:
10)} 26. g3 {(01:48)} Qxf3+ {(00:09)} 27. Re3 {(05:13)}
Qxe3+ {(03:51)} 28. fxe3 {(00:40)} a3 {(00:04)} 29. Kc2 {
(05:00)} a2 {(00:03)} 0-1